 Dungeon Crawl Stone Soup version 0.24.1-11-gbbbb2193e6 (webtiles) character file.

Game seed: 744587843200074063, levelgen mode: deterministic

17842 RaHiT the Frost Mage (level 12, -4/91 HPs)
             Began as a White Draconian Ice Elementalist on May 11, 2020.
             Was a High Priest of Sif Muna.
             Slain by a komodo dragon (17 damage)
             ... on level 3 of the Lair of Beasts.
             The game lasted 01:55:57 (15409 turns).

RaHiT the Frost Mage (DrIE)                        Turns: 15409, Time: 01:55:58

Health: -4/91      AC: 20    Str: 10 (11) XL:     12   Next: 22%
Magic:  8/26       EV: 14    Int: 21      God:    Sif Muna [*****.]
Gold:   551        SH:  0    Dex: 11      Spells: 18/31 levels left

rFire    . . .     SeeInvis .   m - +4 great sword (flame)
rCold    + . .     Gourm    .   (shield currently unavailable)
rNeg     . . .     Faith    .   (armour unavailable)
rPois    .         Spirit   .   (helmet restricted)
rElec    .         Reflect  .   U - +0 cloak
rCorr    .         Harm     .   Y - +0 pair of gloves
MR       +....     Rnd*Rage +   (no boots)
Stlth    ++........             (no amulet)
HPRegen  0.25/turn              O - ring of wizardry
MPRegen  0.20/turn              t - +2 ring of protection

@: icy armour, short of breath
A: breathe frost, unfitting armour, berserk 1, cold resistance 1, deterioration
1, magic resistance 1, cold-blooded, AC +8
a: Breathe Frost, Channel Magic, Forget Spell, Divine Exegesis, Renounce
Religion


You were on level 3 of the Lair of Beasts.
You worshipped Sif Muna.
Sif Muna was extremely pleased with you.
You were hungry.

You visited 3 branches of the dungeon, and saw 18 of its levels.

You collected 551 gold pieces.

Inventory:

Hand Weapons
 m - a +4 great sword of flaming (weapon)
 J - a +4 long sword
 K - a +2 halberd of freezing
 N - a +1 rapier of protection
Missiles
 g - 3 silver boomerangs
 j - 9 javelins (quivered)
 k - 6 atropa-tipped darts
 A - 90 bolts
 Z - 2 curare-tipped darts
Armour
 U - a +0 cloak (worn)
 V - a +0 shield
 Y - a +0 pair of gloves (worn)
Magical Staves
 a - an uncursed staff of cold
Jewellery
 t - a +2 ring of protection (right hand)
 G - an uncursed ring of fire
 O - a ring of wizardry (left hand)
 Q - an uncursed ring of see invisible
 R - an uncursed ring of resist corrosion
Wands
 r - a wand of paralysis (21)
 u - a wand of acid (6)
 D - a wand of clouds (4)
 E - a wand of polymorph (14)
 I - a wand of digging (11)
 X - a wand of enslavement (2)
Scrolls
 c - 3 scrolls of teleportation
 f - 6 scrolls of remove curse
 h - a scroll of identify
 i - a scroll of blinking
 l - a scroll of enchant weapon
 p - 4 scrolls of enchant armour
 s - 3 scrolls of immolation
 y - 2 scrolls of fear
 z - 4 scrolls of amnesia
 C - a scroll of fog
 F - 2 scrolls of magic mapping
 H - 2 scrolls of random uselessness {unknown}
 M - a scroll of summoning {unknown}
Potions
 b - 2 potions of brilliance
 d - 2 potions of lignification
 e - 4 potions of flight
 o - 2 potions of mutation
 v - 2 potions of magic
 w - 5 potions of curing
 x - 3 potions of might
 B - 2 potions of agility
 L - 2 potions of ambrosia
 P - 2 potions of haste
Miscellaneous
 S - a phantom mirror
 W - a lightning rod (4/4)
Comestibles
 n - 25 rations
 q - 26 chunks of flesh


   Skills:
 - Level 4.0 Fighting
 - Level 6.0 Dodging
 - Level 2.0 Stealth
 - Level 4.0 Shields
 - Level 10.0 Spellcasting
 * Level 7.4 Conjurations
 - Level 3.0 Summonings
 - Level 10.1 Ice Magic
 - Level 10.0 Evocations


You had 18 spell levels left.
You knew the following spells:

 Your Spells              Type           Power        Failure   Level  Hunger
a - Freeze                Ice            ####         1%          1    None
b - Ozocubu's Armour      Chrm/Ice       ####....     1%          3    None
c - Summon Ice Beast      Ice/Summ       #####...     1%          4    ##.....
d - Throw Icicle          Conj/Ice       #####...     1%          4    ##.....
e - Apportation           Tloc           ##....       2%          1    None

Your spell library contained the following spells:

 Spells                   Type           Power        Failure   Level  Hunger
 Flame Tongue             Conj/Fire      ####.        1%          1    None
 Shock                    Conj/Air       ####         1%          1    None
 Sting                    Conj/Pois      ####         1%          1    None
 Summon Small Mammal      Summ           ###.         1%          1    None
 Throw Flame              Conj/Fire      ####..       1%          2    None
 Throw Frost              Conj/Ice       #####.       1%          2    None
 Conjure Flame            Conj/Fire      ####....     1%          3    None
 Static Discharge         Conj/Air       ####....     1%          3    None
 Animate Skeleton         Necr           N/A          2%          1    None
 Confusing Touch          Hex            ##....       2%          1    None
 Pain                     Necr           ##..         2%          1    None
 Mephitic Cloud           Conj/Pois/Air  ###.....     2%          3    None
 Poisonous Vapours        Pois/Air       ##....       4%          2    None
 Swiftness                Chrm/Air       ##......     4%          2    None
 Sticky Flame             Conj/Fire      ####....     6%          4    ##.....
 Inner Flame              Hex/Fire       ##......     8%          3    None
 Regeneration             Chrm/Necr      ##........   8%          3    None
 Vampiric Draining        Necr           ##........   8%          3    None
 Fireball                 Conj/Fire      ####......   16%         5    ####...
 Lightning Bolt           Conj/Air       ####......   16%         5    ####...
 Venom Bolt               Conj/Pois      ####......   16%         5    ####...
 Airstrike                Air            ##........   26%         4    ##.....
 Animate Dead             Necr           N/A          26%         4    ##.....
 Olgreb's Toxic Radiance  Pois           ##......     26%         4    ##.....


Dungeon Overview and Level Annotations

Branches:
Dungeon (13/15)            Temple (1/1) D:6            Lair (4/6) D:8
 Shoals (0/4) Lair:2       Spider (0/4) Lair:3
    Orc: D:9-12      Vaults: D:13-14

Altars:
Ashenzari
Cheibriados
Dithmenos
Elyvilon
Fedhas
Gozag
Hepliaklqana
Kikubaaqudgha
Makhleb
Nemelex Xobeh
Okawaru
Qazlal
Ru
Sif Muna
Trog
Uskayaw
Vehumet
Wu Jian
Xom
Yredelemnul
Zin
The Shining One

Shops:
D:6 *   D:7 !

Annotations:
D:9 exclusion: downstairs
D:11 Harold; Maurice
D:12 1 runed translucent door, Gastronok; lllmatko's ghost, journeyman MiBe
Lair:4 exclusion: oklob plant


Innate Abilities, Weirdness & Mutations

You can breathe waves of freezing cold.
You can buffet flying creatures when you breathe cold.
Your icy white scales are hard. (AC +8)
You cannot fit into any form of body armour.
Your flesh is cold resistant. (rC+)
You are cold-blooded and may be slowed by cold attacks.
You tend to lose your temper in combat.
Your body sometimes deteriorates upon taking damage.
You are resistant to hostile enchantments. (MR+)


Message History

You hit the komodo dragon. You burn the komodo dragon.
The komodo dragon is almost dead.
The komodo dragon bites you!! The komodo dragon misses you.
Unknown command.
You barely miss the komodo dragon.
The komodo dragon is almost dead.
The komodo dragon bites you!
* * * LOW HITPOINT WARNING * * *
The komodo dragon bites you!
* * * LOW HITPOINT WARNING * * *
Unknown command.
Press: ? - help, Shift-Dir - straight line, f - blink frog
Aim: a blink frog You exhale a wave of freezing cold.
The freezing breath misses the komodo dragon.
The freezing breath hits the blink frog!
The blink frog is heavily wounded.
You are feeling hungry.
The komodo dragon bites you!
You die...

...#..P......[..............#...#
..##..P...........##........#.###
####..P..........##.........#####
#..............#...#.......... #
#..P..........P##...P........# #
#..#........................##
####..###.....#.#..............##
..P...........Fl#.......##..##..#
..............##@.......##..#####
...............P........#....#
......##.#..................###
......###.....P.#...........#P# #
##..P.# #..######.......#.....###
##....# #..## #.........#......
#...#####..# #.......P÷.#.####
##..#.##.#..# #.###.##..#..##P#
...........## ### ###..........


You could see a komodo dragon and a blink frog.

Vanquished Creatures
  Erolcha (D:9)
  A two-headed ogre (D:8)
  A manticore (Lair:2)
  A black mamba (Lair:3)
  Joseph (D:8)
  A spiny frog (Lair:3)
  Prince Ribbit (Lair:2)
  A blink frog (Lair:2)
  3 hippogriffs
  2 redbacks (Lair:3)
  2 spriggans (Lair:3)
  A shadow (D:12)
  9 yaks
  4 porcupines
  5 water moccasins
  2 orc warriors
  2 ice beasts
  A sky beast (D:10)
  A necrophage (D:8)
  2 phantoms
  4 wolves (Lair:3)
  3 ogres
  2 crocodiles
  A centaur (D:5)
  9 bullfrogs
  A water moccasin zombie (D:5)
  2 scorpions
  21 killer bees (D:9)
  2 wights (D:6)
  7 electric eels (D:10)
  A howler monkey (D:8)
  4 crimson imps
  3 hounds
  4 orc priests
  6 jellies
  An iguana (D:7)
  2 bullfrog skeletons
  A centaur skeleton (D:4)
  3 orc wizards
  7 worker ants
  A hound zombie (D:6)
  2 hound skeletons
  3 gnolls
  13 adders
  A shadow imp (D:6)
  4 oozes
  2 worms
  2 dart slugs
  3 leopard geckos
  11 orcs
  4 ball pythons
  A bat zombie (D:5)
  5 giant cockroaches
  6 goblins
  10 hobgoblins
  20 jackals
  6 quokkas
  13 bats
  6 frilled lizards
  2 jackal skeletons
  8 kobolds
  2 leopard gecko skeletons (D:5)
  2 quokka skeletons
  3 rats
  2 rat zombies (D:5)
258 creatures vanquished.

Vanquished Creatures (collateral kills)
  An ogre mage (D:13)
  2 hydras
  A two-headed ogre (D:13)
  Urug (Lair:2)
  A manticore (D:11)
  2 black mambas (Lair:1)
  2 spiny frogs
  A rime drake (Lair:4)
  5 komodo dragons
  A queen bee (D:9)
  3 blink frogs (Lair:2)
  6 hippogriffs
  4 spriggans (Lair:3)
  10 yaks
  2 basilisks
  A wraith (D:12)
  2 hungry ghosts
  A porcupine (D:8)
  A water moccasin (Lair:2)
  An orc warrior (D:12)
  An ice beast (D:7)
  An eye of draining (D:9)
  A black bear (D:8)
  An ogre (D:13)
  3 wolves (Lair:1)
  A necrophage (D:9)
  A centaur (D:6)
  5 crocodiles
  A big kobold (D:9)
  4 bullfrogs
  2 gnoll sergeants
  A water moccasin skeleton (D:7)
  A wight (D:6)
  4 killer bees (D:9)
  A howler monkey (D:8)
  An electric eel (D:10)
  2 centaur zombies
  2 hounds
  A jelly (D:8)
  An orc wizard (D:8)
  An iguana (D:8)
  3 worker ants
  2 adders
  4 gnolls
  2 shadow imps (D:6)
  3 oozes (D:8)
  2 adder skeletons
  11 orcs
  A bat (D:8)
  A quokka (D:7)
  4 kobolds (D:9)
117 creatures vanquished.

Vanquished Creatures (others)
  A howler monkey (D:4)
  4 bushes (D:10)
  34 fungi
  18 plants
57 creatures vanquished.

Grand Total: 432 creatures vanquished

Notes
Turn   | Place    | Note
-------+----------+-------------------------------------------
     0 | D:1      | RaHiT the Draconian Ice Elementalist began the quest for
                  | the Orb.
     0 | D:1      | Reached XP level 1. HP: 14/14 MP: 3/3
   166 | D:1      | Reached XP level 2. HP: 20/20 MP: 3/5
   666 | D:1      | Reached XP level 3. HP: 26/26 MP: 4/6
  1264 | D:2      | Reached XP level 4. HP: 26/33 MP: 1/8
  1269 | D:2      | Learned a level 3 spell: Ozocubu's Armour
  1274 | D:2      | Learned a level 4 spell: Summon Ice Beast
  1917 | D:3      | Found a sparkling altar of Nemelex Xobeh.
  1950 | D:3      | Reached XP level 5. HP: 37/38 MP: 5/9
  1964 | D:3      | Reached skill level 5 in Ice Magic
  1969 | D:3      | Found a shimmering altar of Xom.
  1970 | D:3      | Found a burning altar of Makhleb.
  2073 | D:3      | Found a radiant altar of Vehumet.
  2357 | D:4      | Reached XP level 6. HP: 27/45 MP: 5/11
  2371 | D:4      | Found a shadowy altar of Dithmenos.
  2512 | D:4      | Reached skill level 1 in Summonings
  3051 | D:4      | Found a hazy altar of Hepliaklqana.
  3102 | D:5      | Entered Level 5 of the Dungeon
  3331 | D:5      | Found a glowing golden altar of the Shining One.
  3390 | D:5      | Noticed a water moccasin
  3400 | D:5      | Killed a water moccasin
  3400 | D:5      | Your scales start taking on an icy white colour.
  3400 | D:5      | Reached XP level 7. HP: 50/50 MP: 5/13
  3400 | D:5      | Gained mutation: Your flesh is cold resistant. (rC+) [White
                  | Draconian growth]
  3494 | D:5      | Learned a level 4 spell: Throw Icicle
  3497 | D:5      | Found an ancient bone altar of Kikubaaqudgha.
  3654 | D:5      | Found a bloodstained altar of Trog.
  3654 | D:5      | Found a snail-covered altar of Cheibriados.
  3737 | D:5      | Reached skill level 5 in Spellcasting
  4286 | D:6      | Found a staircase to the Ecumenical Temple.
  4294 | Temple   | Entered the Ecumenical Temple
  4506 | Temple   | Became a worshipper of Sif Muna the Loreminder
  4524 | D:6      | Reached XP level 8. HP: 57/57 MP: 13/17
  4595 | D:6      | You fall into a shaft and drop 3 floors!
  4730 | D:9      | Noticed a two-headed ogre
  4751 | D:9      | Found a white marble altar of Elyvilon.
  4976 | D:7      | Reached skill level 1 in Fighting
  4989 | D:7      | Noticed a hippogriff
  5000 | D:7      | Killed a hippogriff
  5067 | D:6      | Reached * piety under Sif Muna
  5221 | D:6      | Found Cihacwi's General Store.
  5584 | D:7      | Found a basalt altar of Yredelemnul.
  5679 | D:7      | Found Nuwo's Distillery.
  5984 | D:7      | Reached XP level 9. HP: 66/71 MP: 15/19
  6210 | D:8      | Noticed Joseph
  6236 | D:7      | Reached skill level 5 in Dodging
  6447 | D:8      | Reached ** piety under Sif Muna
  6566 | D:8      | Killed Joseph
  6622 | D:8      | Reached skill level 1 in Evocations
  6663 | D:8      | Reached skill level 10 in Ice Magic
  6850 | D:8      | Reached XP level 10. HP: 78/78 MP: 11/21
  6863 | D:8      | Found a staircase to the Lair.
  7023 | D:8      | Found a sparkling altar of Nemelex Xobeh.
  7048 | D:8      | Found a sacrificial altar of Ru.
  7455 | D:9      | Noticed Erolcha
  7942 | D:8      | Killed a two-headed ogre
  8049 | D:9      | Reached *** piety under Sif Muna
  8122 | D:9      | Gained mutation: You tend to lose your temper in combat.
                  | [potion of mutation]
  8122 | D:9      | Gained mutation: Your body sometimes deteriorates upon
                  | taking damage. [potion of mutation]
  8122 | D:9      | Gained mutation: You are resistant to hostile enchantments.
                  | (MR+) [potion of mutation]
  8123 | D:9      | HP: 2/78 [killer bee (8)]
  8280 | D:9      | Killed Erolcha
  8543 | D:9      | Reached skill level 5 in Evocations
  9268 | D:10     | Entered Level 10 of the Dungeon
  9420 | D:10     | You fall into a shaft and drop 3 floors!
  9470 | D:13     | Noticed a two-headed ogre
  9481 | D:13     | Killed a two-headed ogre
  9481 | D:13     | Reached skill level 10 in Spellcasting
  9484 | D:13     | Noticed an ogre mage
  9490 | D:13     | Noticed a two-headed ogre
  9492 | D:13     | Noticed a two-headed ogre
  9495 | D:13     | Killed an ogre mage
  9713 | D:12     | Noticed Gastronok
  9737 | D:12     | Found a runed translucent door.
  9738 | D:12     | Found a shimmering altar of Xom.
  9738 | D:12     | Noticed lllmatko's ghost (journeyman MiBe)
  9738 | D:12     | Noticed a +1 halberd of chaos
  9826 | D:12     | Noticed a seven-headed hydra
  9845 | D:12     | Killed a seven-headed hydra
  9845 | D:12     | Reached XP level 11. HP: 39/84 MP: 10/25
 10509 | D:12     | Noticed a two-headed ogre
 10520 | D:11     | Noticed a purple ugly thing
 10525 | D:11     | Noticed Maurice
 10525 | D:11     | Found a blossoming altar of Fedhas.
 11089 | D:10     | Reached **** piety under Sif Muna
 11245 | D:10     | Found a basalt altar of Yredelemnul.
 11916 | D:11     | Noticed Harold
 11979 | Lair:1   | Entered Level 1 of the Lair of Beasts
 12748 | Lair:2   | Noticed Prince Ribbit
 12828 | Lair:2   | Found a staircase to the Shoals.
 12831 | Lair:2   | Noticed Urug
 13190 | Lair:2   | Killed Urug
 13190 | Lair:2   | Reached skill level 10 in Evocations
 13199 | Lair:2   | Reached skill level 1 in Shields
 13281 | Lair:2   | Killed Prince Ribbit
 13593 | Lair:2   | Reached ***** piety under Sif Muna
 13869 | Lair:3   | Received a gift from Sif Muna
 13873 | Lair:3   | Learned a level 1 spell: Apportation
 13911 | Lair:3   | Noticed a five-headed hydra
 13920 | Lair:3   | Killed a five-headed hydra
 14264 | Lair:3   | Reached skill level 5 in Conjurations
 14296 | Lair:3   | Reached XP level 12. HP: 75/91 MP: 13/26
 14572 | Lair:3   | Found a hole to the Spider Nest.
 15013 | Lair:4   | Found a glowing golden altar of the Shining One.
 15372 | Lair:4   | Noticed a four-headed hydra
 15409 | Lair:3   | Slain by a komodo dragon

Levels and vault maps discovered:
D:1:      psy_arrival_statuary, layout_basic
D:2:      layout_loops_ring, corexii_shack, kennysheep_generic_room_14
D:3:      layout_rooms, grunt_temple_overflow_champion_of_chaos,
          nicolae_overflow_crystal_walls, nemelex_xobeh_ov_fountains_minmay
D:4:      layout_loops_ring, marbit_many_paths, lemuel_round_altar,
          first_ration, minmay_box_of_dots
D:5:      layout_loops_cross, lemuel_zombie_altar_kikubaaqudgha,
          kennysheep_little_box, gammafunk_temple_overflow_pools
D:6:      layout_rooms, minmay_temple_entry_proselytizer, serial_shops,
          nicolae_shop_trees, st_stairs_14
D:7:      layout_cave_pools, yredelemnul_altar_generic, serial_shops,
          nicolae_shop_trees, minmay_quadrilaterals
D:8:      layout_rooms, kennysheep_mini, nicolae_ru_great_annihilating_truth,
          due_lair_maze_entry_diamond, hangedman_little_slice_of_home,
          uniq_joseph
D:9:      layout_roguey [special_room_bee], lemuel_coloured_pillars_altar,
          uniq_erolcha
D:10:     minmay_klotski, layout_basic, basic_altar
D:11:     layout_long_grid, erik_orc_1, fedhas_bush_and_centaur_altar,
          uniq_harold, uniq_erica, uniq_nergalle, uniq_maurice, uniq_psyche,
          uniq_grum
D:12:     layout_loops_cross, ebering_ghost_xom, kennysheep_small_spiral,
          uniq_gastronok
D:13:     layout_long_grid, ximxim_vaults_locker_room
Temple:   compressed_dpeg_triangle_lava_temple
Lair:1:   layout_gridlike
Lair:2:   layout_hall_layers, minmay_shoals_entry_beasts,
          infiniplex_staircase_pool, uniq_urug, uniq_prince_ribbit2
Lair:3:   layout_gridlike, spider_nest_entry_funnel_web, wad_woods_01
Lair:4:   layout_small_grid, gauntlet_entry_generic, lemuel_oklob_altar,
          grunt_megastairs_4

Skill      XL: |  1  2  3  4  5  6  7  8  9 10 11 12 |
---------------+-------------------------------------+-----
Stealth        | 2 |  2.0
Dodging        | 2 4 6 |  6.0
Spellcasting   | 3 4 6 7 10 | 10.0
Ice Magic      | 4 6 7 8 10 | 10.1
Summonings     | 3 |  3.0
Fighting       | 4 |  4.0
Evocations     | 2 6 10 | 10.0
Shields        | 4 |  4.0
Conjurations   | 5 7 |  7.4

Action                   |  1- 3 |  4- 6 |  7- 9 | 10-12 || total
-------------------------+-------+-------+-------+-------++-------
Melee: Unarmed           |    32 |       |       |       ||    32
       Tailslap          |     3 |     6 |    17 |    20 ||    46
       Staff             |       |    36 |   104 |     6 ||   146
       Rapier            |       |       |    32 |    74 ||   106
       War axe           |       |       |     1 |    10 ||    11
       Great sword       |       |       |       |    25 ||    25
 Fire: Hunting sling     |    15 |    76 |   126 |    10 ||   227
Throw: Stone             |    12 |     4 |     8 |     1 ||    25
       Dart              |       |       |       |     2 ||     2
       Javelin           |       |       |       |    12 ||    12
 Cast: Freeze            |    58 |    63 |   105 |   171 ||   397
       Ozocubu's Armour  |       |     3 |     6 |    10 ||    19
       Summon Ice Beast  |       |     1 |    31 |   104 ||   136
       Throw Icicle      |       |       |     6 |    51 ||    57
 Abil: Breathe Frost     |       |       |    10 |    19 ||    29
Evoke: Wand              |       |       |     2 |     4 ||     6
  Use: Scroll            |       |     4 |     6 |    15 ||    25
       Potion            |       |       |       |     9 ||     9
 Stab: Distracted        |       |       |     1 |     2 ||     3
       Paralysed         |       |       |     5 |       ||     5
  Eat: Chunk             |     2 |     5 |    10 |    14 ||    31
       Ration            |       |     1 |     2 |     8 ||    11
Armor: Skin              |    27 |    39 |   105 |   124 ||   295
Dodge: Dodged            |    47 |    69 |   203 |   305 ||   624
       Rpst.: Great sword |       |       |       |    11 ||    11
